 Dungeon Crawl Stone Soup version 0.21.1-1-g345015f (webtiles) character file.

21 Iko the Skirmisher (level 2, 27/27 HPs)
             Began as a Hill Orc Fighter on Apr 29, 2018.
             Got out of the dungeon alive.
             The game lasted 01:04:12 (3437 turns).

Iko the Skirmisher (Hill Orc Fighter)               Turns: 3437, Time: 01:04:13

Health: 27/27      AC:  6    Str: 18    XL:     2   Next: 83%
Magic:  2/2        EV:  8    Int:  8    God:
Gold:   77         SH:  9    Dex: 10    Spells: 1/1 levels left

rFire    + . .     SeeInvis .   a - +0 rapier
rCold    x . .     Gourm    .   c - +0 shield
rNeg     . . .     Faith    .   m - +0 ring mail
rPois    .         Spirit   .   (no helmet)
rElec    .         Reflect  .   (no cloak)
rCorr    .         Harm     .   i - +0 pair of gloves
MR       +....                  (no boots)
Stlth    +.........             (no amulet)
HPRegen  0.09/turn              r - ring of fire
MPRegen  0.08/turn              y - ring of protection from magic

@: no status effects
A: no striking features
a: no special abilities


You escaped.
You were not hungry.

You visited 1 branch of the dungeon, and saw 2 of its levels.

You collected 77 gold pieces.

Inventory:

Hand Weapons
 a - a +0 rapier (weapon)
 g - a +0 club
 l - a +0 whip
 n - a +0 club
 o - a +0 dagger
 q - a +0 dagger
 s - a -3 short sword
 t - a +0 club
 u - a +0 dagger
Missiles
 f - 9 poisoned needles
 h - 6 stones (quivered)
Armour
 b - a +0 scale mail
 c - a +0 shield (worn)
 i - a +0 pair of gloves (worn)
 m - a +0 ring mail (worn)
 p - a +0 large shield
 v - a cursed +0 leather armour
Jewellery
 j - an uncursed ring of flight
 r - a ring of fire (left hand)
 y - a ring of protection from magic (right hand)
Scrolls
 x - a scroll of enchant weapon {unknown}
Potions
 d - a potion of might
 e - a potion of lignification {unknown}
Comestibles
 k - 2 rations


   Skills:
 + Level 4.0 Fighting
 + Level 2.2 Short Blades
 + Level 3.5 Armour
 + Level 0.1 Dodging
 + Level 0.3 Stealth
 + Level 3.4 Shields


You had one spell level left.
You didn't know any spells.

Dungeon Overview and Level Annotations

Branches:
Dungeon (2/15)

Altars:

Annotations:
D:1 N
D:2 yes!


Message History

The goblin hits you but does no damage. The goblin barely misses you.
You barely miss the goblin.
The goblin is moderately wounded.
You block the goblin's attack.
You hit the goblin.
You kill the goblin!
There is an escape hatch in the ceiling here.
A mysterious force pulls you upwards. The hatch slams shut behind you.
Level annotation: N
There is a staircase leading out of the dungeon here.
Are you sure you want to leave the Dungeon?
This will make you lose the game! [Y]es or [N]o only, please.
Are you sure you want to leave the Dungeon?
This will make you lose the game! [Y]es or [N]o only, please.
Are you sure you want to leave the Dungeon?
This will make you lose the game! [Y]es or [N]o only, please.
Are you sure you want to leave the Dungeon?
This will make you lose the game! [Y]es or [N]o only, please.
Are you sure you want to leave the Dungeon?
This will make you lose the game!
You have escaped!

............####.# #.# #
#.###............# #>#### #
#.###..###..####.#########....# #
#.............................# #
###..#####.#####.#####.#####..#
###...###...###...###...###..##
.......#.....#.....#.....#...#
........#####.......#####....#
###......###....@....###.....#
####......#...........#......# #
...........#####.#####.....#.# #
............###...###........####
####.###.....#.....#.....#.....#.
####.# #......#####.....##.######
...#.###.#.....###.....###.# #
##.#.....##.....#.....## #.# ##
##.......>............# #.# #.


There were no monsters in sight!

Vanquished Creatures
  A bat (D:1)
  2 giant cockroaches
  6 goblins
  2 hobgoblins (D:1)
  A ball python (D:1)
  3 kobolds (D:1)
  3 rats (D:1)
18 creatures vanquished.

Notes
Turn   | Place    | Note
-------+----------+-------------------------------------------
     0 | D:1      | Iko the Hill Orc Fighter began the quest for the Orb.
     0 | D:1      | Reached XP level 1. HP: 19/19 MP: 1/1
  1183 | D:1      | Reached XP level 2. HP: 27/27 MP: 2/2
  1215 | D:1      | y
  1219 | D:1      | YMEERPH DETIWUA
  1220 | D:1      | YMEERPH DETIWUA
  1833 | D:1      | Reached skill level 4 in Fighting
  2913 | D:1      | Paralysed by fainting for 12 turns
  2938 | D:1      | Paralysed by fainting for 9 turns
  3020 | D:1      | Paralysed by fainting for 9 turns
  3058 | D:1      | ::::::
  3105 | D:1      | yes
  3437 | D:$      | Got out of the dungeon alive.

Skill      XL: |  1  2 |
---------------+-------+-----
Fighting       | 4 |  4.0
Short Blades   | |  2.2
Armour         | |  3.5
Dodging        | |  0.1
Stealth        | |  0.3
Shields        | |  3.4

Action                   || total
-------------------------++-------
Melee: Club              ||    27
       Rapier            ||    33
       Short sword       ||    12
Throw: Stone             ||     1
  Use: Scroll            ||     4
  Eat: Ration            ||     3
Armor: Ring mail         ||    22
       Scale mail        ||     4
Dodge: Dodged            ||    24
Block: Shield            ||    34
